 Dungeon Crawl Stone Soup version 0.30.0-19-g36f170ea60 (webtiles) character file.

Game seed: 9821842163864026958

48 wingedge the Vexing (level 3, 0/17 HPs)
             Began as a Felid Wanderer on May 30, 2023.
             Slain by an orc wizard
             ... wielding a +0 dagger
              (4 damage)
             ... while paralysed by an orc wizard
             ... on level 5 of the Dungeon.
             The game lasted 00:11:54 (2695 turns).

wingedge the Vexing (Felid Wanderer)                Turns: 2695, Time: 00:11:54

Health: 0/17       AC:  1    Str: 10    XL:     3   Next: 50%
Magic:  0/5        EV:  4    Int: 12    God:
Gold:   263        SH:  0    Dex: 16    Spells: 0/4 levels left
                                        Lives:  0   Deaths: 1

rFire   . .          .
                       - Unarmed
rCold   . . .        (shield unavailable)
rNeg    . . .        (body armour unavailable)
rPois   .            (helmet unavailable)
rElec   .            (cloak unavailable)
rCorr   .            (gloves unavailable)
SInv    +            (boots unavailable)
Will    .....        g - amulet of guardian spirit
Stlth   ++           j - +5 ring of evasion
HPRegen 0.22/turn    (no ring)
MPRegen 0.09/turn

%: guardian spirit
@: paralysed, silenced, quick
A: very small, claws 1, fangs 3, see invisible, speed 1, shaggy fur 1, stealthy
paws, no weapons or thrown items, no armour, multi-lived
a: no special abilities


You were on level 5 of the Dungeon.
You visited 1 branch of the dungeon, and saw 5 of its levels.

You collected 263 gold pieces.

Inventory:

Jewellery
 g - an amulet of guardian spirit (around neck)
 j - a +5 ring of evasion (left paw)
 k - a ring of ice
Wands
 b - a wand of polymorph (6)
Scrolls
 c - 2 scrolls of fog
 e - a scroll of identify
 l - a scroll of enchant armour {unknown}
Potions
 d - 2 potions of invisibility
 f - a potion of degeneration {unknown}
 h - 2 potions of curing {unknown}
 i - 2 potions of haste {unknown}


   Skills:
 + Level 3.2 Fighting
 + Level 1.3 Dodging
 + Level 4.0 Stealth
 + Level 2.4 Unarmed Combat
 + Level 1.0 Spellcasting
 + Level 4.4 Hexes
 - Level 2.1 Evocations


You couldn't memorise any spells.
You knew the following spells:

 Your Spells              Type           Power      Damage    Failure   Level
a - Slow                  Hex            44%        N/A       4%          1
b - Tukima's Dance        Hex            11%        N/A       14%         3

Your spell library contained the following spells:

 Spells                   Type           Power      Damage    Failure   Level
 Scorch                   Fire           0%         2d5       41%         2
 Cause Fear               Hex            5%         N/A       43%         4
 Flame Wave               Conj/Fire      0%         2d4       96%         4
 Summon Cactus Giant      Summ           0%         N/A       100%        6


Dungeon Overview and Level Annotations

Branches:
Dungeon (5/15)
 Temple: D:4-7

Altars:

Shops:
D:3 *:

Annotations:
D:4 Natasha


Innate Abilities, Weirdness & Mutations

You have sharp claws.
You have razor-sharp teeth.
You have supernaturally acute eyesight. (SInv)
You cover ground quickly. (Speed+)
You are covered in fur. (AC +1)
Your paws help you pounce on unaware monsters.
You are incapable of wielding weapons or throwing items.
You cannot wear armour.
You gain extra lives every three experience levels.


Message History

The orc wizard is lightly wounded.
The orc wizard gestures at you while chanting.
The magic dart hits you!
Ouch! That really hurt!
An orc comes into view. It is wielding a +0 club.
The orc shouts!
There is a stone staircase leading down here.
The orc wizard casts a spell at you. The puff of flame misses you.
You climb downwards.
There is a stone staircase leading up here.
You scratch the orc wizard but do no damage.
You claw the orc wizard.
The orc wizard is moderately wounded.
The orc wizard misses you.
You scratch the orc wizard but do no damage.
The orc wizard is moderately wounded.
The orc wizard hits you with a +0 dagger.
* * * LOW HITPOINT WARNING * * *
Aiming: Polymorph
Press: ? - help, Shift-Dir - straight line, f - orc wizard
Aim: an orc wizard, wielding a +0 dagger, wearing a +0 robe and carrying a wand of paralysis (9) (moderately wounded, slightly transparent, will become a goblin, an ogre, or an endoplasm, chance to affect: 54%)
The orc wizard resists with significant effort.
The orc wizard points at you and mumbles some strange words.
You resist with some effort.
Casting: Slow (safe; 4% risk of failure)
Confirm with . or Enter, or press ? or * to list all spells.
Okay, then.
As you read the scroll of silence, it crumbles to dust.
A profound silence engulfs you. The orc wizard misses you.
You scratch the orc wizard.
The orc wizard is moderately wounded.
The orc wizard hits you with a +0 dagger.
* * * LOW HITPOINT WARNING * * *
You scratch the orc wizard.
The orc wizard is moderately wounded.
The orc wizard zaps a wand.
You suddenly lose the ability to move!
The orc wizard barely misses you.
The orc wizard hits you with a +0 dagger.
You die...

..######.#.J............#
...................
###.................
...................
.......##.###....###
..#.#..##.# ..#.#
........###..# #
........>....#.
.......@.......
........o......
#.#.......#..#. #
#..#.#..#..# .).... ...
.# #.#..## ..## # #.#..
... . #.##


You could see an orc wizard (invisible).

Vanquished Creatures
  A gnoll (D:4)
  3 adders
  2 worms
  2 dart slugs (D:1)
  An orc (D:4)
  3 bats
  5 endoplasms
  4 goblins
  4 hobgoblins
  4 jackals (D:3)
  7 ball pythons
  4 frilled lizards
  3 kobolds
  3 rats
46 creatures vanquished.

Vanquished Creatures (collateral kills)
  An orc (D:4)
1 creature vanquished.

Vanquished Creatures (others)
  A dancing weapon (D:4)
1 creature vanquished.

Grand Total: 48 creatures vanquished

Notes
Turn   | Place    | Note
-------+----------+-------------------------------------------
     0 | D:1      | wingedge the Felid Wanderer began the quest for the Orb.
     0 | D:1      | wingedge set off with the following items: a scroll of
                  | silence, a wand of polymorph (7), a scroll of fog; and the
                  | following spell memorised: Slow; and the following spells
                  | available to memorise: Tukima's Dance, Cause Fear.
     0 | D:1      | Reached XP level 1. HP: 10/10 MP: 3/3
   248 | D:1      | Reached XP level 2. HP: 14/14 MP: 2/4
   377 | D:1      | Reached skill level 1 in Unarmed Combat
   707 | D:2      | Reached XP level 3. HP: 17/17 MP: 3/5
   816 | D:2      | Found a faded altar of an unknown god.
  1662 | D:3      | Reached skill level 1 in Dodging
  1662 | D:3      | Reached XP level 4. HP: 15/21 MP: 4/6
  1736 | D:3      | Found Fungij's Assorted Antiques.
  1841 | D:3      | Found Ilungiko's Vocational Training.
  2499 | D:5      | Entered Level 5 of the Dungeon
  2557 | D:4      | Learned a level 3 spell: Tukima's Dance
  2576 | D:4      | Noticed Natasha
  2585 | D:4      | Killed from afar by an orc priest
  2586 | D:4      | Reached XP level 3. HP: 0/17 MP: 0/5
  2594 | D:4      | Identified the +8 great mace of a treasure trove {drain,
                  | +Blink Fly Will+ Dex+3}
  2594 | D:4      | Noticed an ogre
  2693 | D:5      | Paralysed by an orc wizard for 4 turns
  2695 | D:5      | Slain by an orc wizard

Illustrated notes

Levels and vault maps discovered:
D:1:      lightli_arrival_maybe_door_vault, layout_rooms
D:2:      layout_basic, dreamdust_ecumenical_altar_grove
D:3:      layout_basic, serial_shops, shop, nicolae_shop_vocational
D:4:      layout_cave_pools, nicolae_yredelemnul_corpse_copse,
          mainiacjoe_overflow_catwalk_spiral, gammafunk_ghost_smash,
          uniq_natasha
D:5:      layout_basic, kennysheep_opposing_triangles

Skill      XL: |  1  2  3 |
---------------+----------+-----
Stealth        | 3 4 |  4.0
Unarmed Combat | 1 2 |  2.4
Dodging        | 1 |  1.3
Fighting       | |  3.2
Spellcasting   | |  1.0
Hexes          | |  4.4
Evocations     | |  2.1

Action                     |  1- 3 |  4- 6 || total
---------------------------+-------+-------++-------
  Melee: Unarmed           |   129 |    25 ||   154
         Bite              |    14 |     2 ||    16
         Punch             |     5 |     1 ||     6
   Cast: Slow              |    28 |     6 ||    34
         Tukima's Dance    |     1 |     1 ||     2
  Evoke: Wand              |     1 |       ||     1
    Use: Scroll            |     1 |     1 ||     2
   Stab: Sleeping          |     8 |     1 ||     9
 Armour: Skin              |     5 |     1 ||     6
  Dodge: Dodged            |    74 |    14 ||    88
